 Dungeon Crawl Stone Soup version 0.32-a0-999-gfa1cc04b1d (webtiles) character file.

Game seed: 9992314906421857679

21 jasper the Caller (level 2, -2/19 HPs)
             Began as a Human Summoner on Apr 24, 2024.
             Slain by an orc
             ... wielding a +0 morningstar
              (6 damage)
             ... on level 3 of the Dungeon.
             The game lasted 00:02:19 (965 turns).

jasper the Caller (Human Summoner)                   Turns: 965, Time: 00:02:20

Health: -2/19      AC:  3    Str:  8    XL:     2   Next: 83%
Magic:  2/5        EV: 11    Int: 15    God:
Gold:   65         SH:  0    Dex: 13    Spells: 3/5 levels left

rFire   . . .        f - +0 spear
rCold   . . .        (no shield)
rNeg    . . .        a - +1 robe
rPois   .            (no helmet)
rElec   .            (no cloak)
rCorr   .            (no gloves)
SInv    .            (no boots)
Will    .....        (no amulet)
Stlth   ++           (no ring)
HPRegen 0.23/turn    (no ring)
MPRegen 0.09/turn

%: no passive effects
@: no status effects
A: explore regen
a: no special abilities


You were on level 3 of the Dungeon.
You visited 1 branch of the dungeon, and saw 3 of its levels.

You collected 65 gold pieces.

Inventory:

Hand Weapons
 e - a +0 mace
 f - a +0 spear (weapon)
Missiles
 d - 24 stones
Armour
 a - a +1 robe (worn)
 c - a +0 ring mail
Jewellery
 g - an amulet of guardian spirit
Potions
 b - a potion of magic
 j - 2 potions of brilliance


   Skills:
 - Level 2.0 Dodging
 - Level 2.0 Stealth
 - Level 2.0 Spellcasting
 + Level 4.8 Summonings


You had 3 spell levels left.
You knew the following spells:

 Your Spells              Type           Power      Damage    Failure   Level
b - Call Imp              Summ           32%        N/A       4%          2

Your spell library contained the following spells:

 Spells                   Type           Power      Damage    Failure   Level
 Summon Small Mammal      Summ           64%        N/A       3%          1
 Call Canine Familiar     Summ           16%        N/A       9%          3
 Blink                    Tloc           2%         N/A       32%         2
 Lesser Beckoning         Tloc           2%         N/A       32%         2
 Momentum Strike          Conj/Tloc      2%         3d8       32%         2
 Summon Blazeheart Golem  Fire/Summ      8%         N/A       63%         4
 Summon Lightning Spire   Summ/Air       8%         N/A       63%         4


Dungeon Overview and Level Annotations

Branches:
Dungeon (3/15)

Altars:

Annotations:
D:2 Terence
D:3 Grinder


Innate Abilities, Weirdness & Mutations

You regain HP and MP as you explore.


Message History

The orc shouts!
The orc closely misses your cerulean imp. x2
You now have 3/5 mp.
The orc closely misses your cerulean imp.
Your cerulean imp misses the orc.
Unknown command.
You hit the orc but do no damage.
The orc hits your cerulean imp with a +0 short sword.
The orc closely misses your cerulean imp.
Your cerulean imp closely misses the orc.
The orc misses you.
You hit the orc but do no damage.
The orc hits your cerulean imp with a +0 short sword. x2
Your cerulean imp hits the orc but does no damage.
The orc hits you with a +0 morningstar!
You take 8 damage, and have 11/19 hp.
MASSIVE DAMAGE!!
You closely miss the orc. The orc misses your cerulean imp. x2
The orc misses you.
Your cerulean imp hits the orc with a -3 spear.
Press: ? - help, v - describe, . - travel
Here: an orc, wielding a +0 morningstar (lightly wounded, ally target)
The floor.
Unknown command.
Okay, then.
You barely miss the orc.
The orc is lightly wounded.
The orc misses your cerulean imp.
The orc barely misses your cerulean imp.
The orc hits you with a +0 morningstar!
* * * LOW HITPOINT WARNING * * *
Your cerulean imp hits the orc with a -3 spear.
You take 8 damage, and have 3/19 hp.
MASSIVE DAMAGE!!
Casting: Call Imp (safe; 4% risk of failure)
Press: ? - help, Q - select action, (/) - cycle Dir - look around, f - activate A tiny devil pulls itself out of the air.
Your cerulean imp disappears in a puff of smoke!
The orc barely misses you.
You now have 2/5 mp.
The orc attacks as it pursues you! The orc hits you with a +0 morningstar.
You die...

###### #....#
#....################
#....................
#....################
#....# ####5# #@# #o#
#.# ?......oo.#
.#####..o....
#####..## #.# .# !


You could see 4 orcs and a friendly cerulean imp (summoned).

Vanquished Creatures
  4 bats (D:1)
  A giant cockroach (D:1)
  A goblin (D:1)
  A hobgoblin (D:1)
7 creatures vanquished.

Vanquished Creatures (collateral kills)
  A dart slug (D:1)
  A ball python (D:1)
  3 endoplasms (D:1)
  A giant cockroach (D:3)
  2 frilled lizards
  A kobold (D:2)
  A rat (D:3)
10 creatures vanquished.

Grand Total: 17 creatures vanquished

Notes
Turn   | Place    | Note
-------+----------+-------------------------------------------
     0 | D:1      | jasper the Human Summoner began the quest for the Orb.
     0 | D:1      | Reached XP level 1. HP: 13/13 MP: 3/3
   259 | D:1      | Reached XP level 2. HP: 11/19 MP: 0/5
   279 | D:1      | Learned a level 2 spell: Call Imp
   766 | D:2      | Noticed Terence
   920 | D:3      | Noticed Grinder
   965 | D:3      | Slain by an orc

Illustrated notes

Levels and vault maps discovered:
D:1:      denvon_arrival_waterhouse, layout_basic
D:2:      minmay_spotlight, layout_basic, serial_shops,
          nicolae_shop_temple_entry_statues_fountains,
          shapermc_ecumenical_altar_mp_urbaneastern, uniq_terence
D:3:      layout_rooms, xom_butterflies, uniq_grinder

Action                     || total
---------------------------++-------
  Melee: Spear             ||    46
         Unarmed           ||     2
   Cast: Summon Small Mamm ||    11
         Call Imp          ||    11
    Use: Scroll            ||     5
 Armour: Robe              ||    25
  Dodge: Dodged            ||    37

Table legend: (Time is in decaauts)
 A = Elapsed time spent in this place.
 B = Non-inter-level travel time spent in this place.
 C = Inter-level travel time spent in this place.
 D = Time resting spent in this place.
 E = Time spent auto-exploring this place.
 F = Levels seen in this place.
 G = Mean time per level.
                   A        B        C        D        E       F      G
               +--------+--------+--------+--------+--------+-----+--------+
         Total |    968 |    961 |      7 |    112 |    605 |   3 |  322.7 |
       Dungeon |    968 |    961 |      7 |    112 |    605 |   3 |  322.7 |
               +--------+--------+--------+--------+--------+-----+--------+

Top non-repeatable levels by time:
     D:1: 715 daAuts
     D:3: 181 daAuts
     D:2: 72 daAuts
